 Dungeon Crawl Stone Soup version 0.28-a0-863-g8cecda6153 (webtiles) character file.

Game seed: 11225679158728176278

200 Woods the Insei (level 5, -7/50 HPs)
             Began as a Naga Transmuter on Nov 19, 2021.
             Mangled by Menkaure (14 damage)
             ... on level 4 of the Dungeon.
             The game lasted 00:05:51 (4688 turns).

Woods the Insei (Naga Transmuter)                   Turns: 4688, Time: 00:05:52

Health: -7/50      AC:  2    Str: 12    XL:     5   Next: 79%
Magic:  3/8        EV: 19    Int: 14    God:
Gold:   244        SH:  0    Dex: 17    Spells: 2/8 levels left

rFire   . . .      SeeInvis +     - Unarmed
rCold   . . .      Faith    .   (shield currently unavailable)
rNeg    . . .      Spirit   .   (armour currently unavailable)
rPois   x          Reflect  .   (helmet currently unavailable)
rElec   .          Harm     .   (cloak currently unavailable)
rCorr   .          Rampage  .   (gloves currently unavailable)
Will    .....                   (no barding)
Stlth   ++........              (no amulet)
HPRegen 0.16/turn               (no ring)
MPRegen 0.11/turn               (no ring)

@: spider-form (expiring), very slightly contaminated
A: venomous fangs, AC +1, tiny, see invisible, (deformed body), (poison
resistance), (slowness 2), spit poison 1, (naga tail 1)
a: Spit Poison, End Transformation


You were on level 4 of the Dungeon.
You were a venomous arachnid creature.
You visited 1 branch of the dungeon, and saw 4 of its levels.

You collected 244 gold pieces.

Inventory:

Armour
 a - a +0 robe (melded)
 d - a +0 pair of gloves (melded)
Wands
 k - a wand of mindburst (15)
Scrolls
 b - a scroll of acquirement {unknown}
 e - 2 scrolls of teleportation {unknown}
 f - a scroll of enchant armour {unknown}
 g - 9 scrolls of identify {unknown}
 h - 2 scrolls of amnesia {unknown}
 j - a scroll of vulnerability {unknown}
 l - a scroll of blinking {unknown}
Potions
 c - a potion of cancellation {unknown}
 i - a potion of heal wounds {unknown}


   Skills:
 + Level 3.8 Fighting
 - Level 1.5 Dodging
 + Level 4.9 Unarmed Combat
 - Level 2.0 Spellcasting
 - Level 2.0 Transmutations


You had 2 spell levels left.
You knew the following spells:

 Your Spells              Type           Power      Damage    Failure   Level
a - Beastly Appendage     Tmut           14%        N/A       26%         1
b - Wereblood             Tmut           7%         N/A       34%         2
c - Spider Form           Tmut/Pois      4%         N/A       65%         3

Your spell library contained the following spells:

 Spells                   Type           Power      Damage    Failure   Level
 Animate Skeleton         Necr           2%         N/A       45%         1
 Pain                     Necr           4%         1d4       45%         1
 Shock                    Conj/Air       4%         1d3       45%         1
 Slow                     Hex            4%         N/A       45%         1
 Confusing Touch          Hex            1%         N/A       77%         3
 Swiftness                Air            1%         N/A       77%         3
 Vampiric Draining        Necr           1%         2d6       77%         3
 Ice Form                 Ice/Tmut       4%         N/A       94%         4
 Airstrike                Air            0%         N/A       98%         4


Dungeon Overview and Level Annotations

Branches:
Dungeon (4/15)
 Temple: D:4-7

Altars:
Elyvilon
Fedhas
Okawaru
Yredelemnul
The Shining One

Annotations:
D:4 Menkaure


Innate Abilities, Weirdness & Mutations

You are a venomous arachnid creature.
You have poisonous fangs.
You are tiny and dextrous.
Your spellcasting is less reliable in this form.
Your armour is entirely melded.
You are incapable of wielding weapons or throwing items.
((Your serpentine skin is tough. (AC +1)))
You have supernaturally acute eyesight. (SInv)
((Armour fits poorly on your strangely shaped body.))
((Your system is resistant to poisons. (rPois)))
((You cover ground very slowly.))
You can spit poison.
((You have a snake-like lower body.))


Message History

Pain shoots through your body!
* * * LOW HITPOINT WARNING * * *
Your transformation is almost over.
The ball python closely misses you. The ball python grabs you.
The ball python constricts you.
* * * LOW HITPOINT WARNING * * *
You hit the ball python.
The ball python is poisoned.
The ball python is severely wounded.
The ball python bites you but does no damage.
The ball python constricts you.
You hit Menkaure.
Menkaure is lightly damaged.
Menkaure casts a spell at you. Pain shoots through your body!
* * * LOW HITPOINT WARNING * * *
The ball python barely misses you. The ball python constricts you.
* * * LOW HITPOINT WARNING * * *
Menkaure gestures at you while chanting.
You struggle to resist.
You hit Menkaure.
Menkaure is moderately damaged.
You kill the ball python!
Menkaure mumbles drily.
Menkaure barely misses you.
You hit Menkaure.
Menkaure is moderately damaged.
Menkaure calls on the powers of darkness!
Your body is wracked with pain!
* * * LOW HITPOINT WARNING * * *
The goblin convulses!
You hit Menkaure.
Menkaure is heavily damaged.
The goblin completely misses you. Menkaure misses you.
You hit Menkaure.
Menkaure is heavily damaged.
Menkaure completely misses you. The goblin closely misses you.
You hit Menkaure.
Menkaure is severely damaged.
Menkaure hits you!
You die...

.....≈§§§§§§#
.....≈≈≈≈≈≈.#
.........§..#
..........§##
............###
..............###
................########
........................
................sM......
...............$.g......
........................
.....!..................
./......................
........................
.......................
......................
.................


You could see Menkaure (fast) and a goblin.

Vanquished Creatures
  A howler monkey (D:3)
  A gnoll shaman (D:4)
  4 adders
  3 gnolls (D:4)
  A worm (D:3)
  A dart slug (D:2)
  2 orcs
  7 bats
  5 endoplasms
  4 giant cockroaches
  8 goblins
  3 hobgoblins
  5 kobolds
  2 quokkas
  8 ball pythons
  3 frilled lizards
  10 rats
68 creatures vanquished.

Vanquished Creatures (others)
  5 plants (D:3)
5 creatures vanquished.

Grand Total: 73 creatures vanquished

Notes
Turn   | Place    | Note
-------+----------+-------------------------------------------
     0 | D:1      | Woods the Naga Transmuter began the quest for the Orb.
     0 | D:1      | Reached XP level 1. HP: 18/18 MP: 3/3
   352 | D:1      | Reached XP level 2. HP: 25/25 MP: 3/5
   355 | D:1      | Learned a level 2 spell: Wereblood
  1204 | D:1      | Reached XP level 3. HP: 20/32 MP: 4/6
  1208 | D:1      | Learned a level 3 spell: Spider Form
  2523 | D:2      | Reached skill level 4 in Unarmed Combat
  2523 | D:2      | Reached XP level 4. HP: 33/40 MP: 5/7
  3088 | D:3      | Found a white marble altar of Elyvilon.
  3223 | D:3      | Found a blossoming altar of Fedhas.
  3238 | D:3      | Found a basalt altar of Yredelemnul.
  3306 | D:3      | Found a glowing golden altar of the Shining One.
  3404 | D:3      | Found a faded altar of an unknown god.
  3530 | D:3      | Reached XP level 5. HP: 39/49 MP: 8/8
  4639 | D:4      | Found an iron altar of Okawaru.
  4676 | D:4      | Noticed Menkaure
  4688 | D:4      | Mangled by Menkaure

Illustrated notes

Levels and vault maps discovered:
D:1:      psy_arrival_radial02, layout_basic
D:2:      layout_basic, roderic_roman_lattice
D:3:      layout_rooms, nicolae_elyvilon_temple_path, amcnicky_altar_gilded,
          mainiacjoe_overflow_paths, mainiacjoe_overflow_alcove_1,
          hellmonk_ecumenical_altar_blasted
D:4:      layout_layer_cave, nicolae_wu_jian_glorious_leap,
          general_overflow_altar, uniq_menkaure

Skill      XL: |  1  2  3  4 |
---------------+-------------+-----
Fighting       | 2 3 |  3.8
Unarmed Combat | 4 |  4.9
Dodging        | |  1.5
Spellcasting   | |  2.0
Transmutations | |  2.0

Action                   |  1- 3 |  4- 6 || total
-------------------------+-------+-------++-------
Melee: Unarmed           |   124 |    88 ||   212
       Headbutt          |     8 |     9 ||    17
       Punch             |     1 |       ||     1
 Cast: Beastly Appendage |    25 |    14 ||    39
       Spider Form       |       |     4 ||     4
 Abil: Spit Poison       |       |     2 ||     2
Armor: Robe              |    46 |    22 ||    68
       Skin              |       |     1 ||     1
Dodge: Dodged            |    65 |    59 ||   124

Table legend: (Time is in decaauts)
 A = Elapsed time spent in this place.
 B = Non-inter-level travel time spent in this place.
 C = Inter-level travel time spent in this place.
 D = Time resting spent in this place.
 E = Time spent auto-exploring this place.
 F = Levels seen in this place.
 G = Mean time per level.
                   A        B        C        D        E       F      G
               +--------+--------+--------+--------+--------+-----+--------+
         Total |   5788 |   5605 |    183 |    524 |   4310 |   4 | 1447.0 |
       Dungeon |   5788 |   5605 |    183 |    524 |   4310 |   4 | 1447.0 |
               +--------+--------+--------+--------+--------+-----+--------+

Top non-repeatable levels by time:
     D:1: 1973 daAuts
     D:2: 1715 daAuts
     D:3: 1448 daAuts
     D:4: 651 daAuts
